EL
BOWIE BAYSOX @ FRISCO ROUGHRIDERS
09/18/2046
 
TOP OF THE 1ST
Bowie Baysox batting - Pitching for Frisco RoughRiders : RHP Tim Martin
Pitching: RHP Tim Martin
Batting: LHB Andrew Erens 0-0: Foul Ball, location: 2F
0-1: Fly out, F7 (Flyball, 7D, EV 94.4 MPH)
Batting: LHB Wes Goscinski 0-0: Ball
1-0: Reached on error, E5 (Groundball, 5, EV 88.1 MPH)
Batting: LHB Matt Patnaude 0-0: Ball
1-0: Swinging Strike
1-1: Swinging Strike
1-2: Strikes out looking
Batting: RHB Edwin Ramos 0-0: Ball
1-0: Foul Ball, location: 2F
1-1: Ball
2-1: Ball
3-1: Base on Balls
Wes Goscinski to second
Batting: RHB Tony Logan 0-0: Called Strike
0-1: Ball
1-1: Called Strike
1-2: Fielders Choice at 2nd, 6-4 (Groundball, 6, EV 106.9 MPH)
Top of the 1st over - 0 runs, 0 hits, 1 error, 2 left on base; Bowie 0 - Frisco 0
BOTTOM OF THE 1ST
Frisco RoughRiders batting - Pitching for Bowie Baysox : RHP Sam Wilson
Pitching: RHP Sam Wilson
Batting: RHB Joe Kemp 0-0: Called Strike
0-1: Foul Ball, location: 2F
0-2: Strikes out swinging
Batting: SHB Johnny Stables 0-0: Swinging Strike
0-1: Foul Ball, location: 2F
0-2: Strikes out swinging
Batting: LHB Davey Schonewille 0-0: Ball
1-0: SINGLE (Groundball, 25, EV 66.2 MPH) (infield hit)
Batting: LHB Ben Radach 0-0: Ball
1-0: Foul Ball, location: 2F
1-1: Ball
2-1: Called Strike
2-2: Strikes out swinging
Bottom of the 1st over - 0 runs, 1 hit, 0 errors, 1 left on base; Bowie 0 - Frisco 0
TOP OF THE 2ND
Bowie Baysox batting - Pitching for Frisco RoughRiders : RHP Tim Martin
Batting: RHB Travis Carter 0-0: Ball
1-0: Called Strike
1-1: Ball
2-1: Swinging Strike
2-2: Ball
3-2: Base on Balls
Batting: RHB Andy Chess 0-0: Ball
1-0: Ball
2-0: Fly out, F7 (Flyball, 7, EV 82.5 MPH)
Batting: LHB Raul Rojas 0-0: Called Strike
0-1: Foul Ball, location: 2F
0-2: Ball
1-2: Ball
2-2: Foul Ball, location: 2F
2-2: Foul Ball, location: 2F
2-2: Foul Ball, location: 2F
2-2: Ball
3-2: Foul Ball, location: 2F
3-2: Foul Ball, location: 2F
3-2: SINGLE (Line Drive, 56D, EV 99.4 MPH)
Travis Carter to second
Batting: RHB Andrew Korman 0-0: Foul Ball, location: 2F
0-1: SINGLE (Line Drive, 4D, EV 108.8 MPH)
Travis Carter to third
Raul Rojas to second
Runner from 3rd tries for Home, SAFE, throw by CF to home
Batting: LHB Andrew Erens 0-0: Ball
1-0: Foul Ball, location: 2F
1-1: Ball
2-1: Ball
3-1: Base on Balls
Raul Rojas to third
Andrew Korman to second
Batting: LHB Wes Goscinski 0-0: Called Strike
0-1: Swinging Strike
0-2: Ball
1-2: Ball
2-2: Ball
3-2: Grounds into double play, 3-6-3 (Groundball, 34, EV 90.0 MPH)
Top of the 2nd over - 1 run, 2 hits, 0 errors, 2 left on base; Bowie 1 - Frisco 0
BOTTOM OF THE 2ND
Frisco RoughRiders batting - Pitching for Bowie Baysox : RHP Sam Wilson
Batting: RHB Kurt Wagner 0-0: Ball
1-0: Called Strike
1-1: Ball
2-1: Fly out, F7 (Flyball, 7S, EV 84.4 MPH)
Batting: RHB Chris Torlak 0-0: Ball
1-0: Called Strike
1-1: Ball
2-1: Ball
3-1: Base on Balls
Batting: RHB Jason Swisher 0-0: Called Strike
0-1: Called Strike
0-2: Foul Ball, location: 2F
0-2: Ball
1-2: Strikes out swinging
Batting: SHB Reagan Dudley 0-0: Swinging Strike
0-1: Fielders Choice at 2nd, 6-4 (Groundball, 4M, EV 99.4 MPH)
Bottom of the 2nd over - 0 runs, 0 hits, 0 errors, 1 left on base; Bowie 1 - Frisco 0
TOP OF THE 3RD
Bowie Baysox batting - Pitching for Frisco RoughRiders : RHP Tim Martin
Batting: LHB Matt Patnaude 0-0: Ground out 4-3 (Groundball, 4, EV 86.9 MPH)
Batting: RHB Edwin Ramos 0-0: Fly out, F8 (Flyball, 8RXD, EV 93.1 MPH)
Batting: RHB Tony Logan 0-0: Called Strike
0-1: Ball
1-1: SINGLE (Groundball, 56D, EV 106.9 MPH)
Batting: RHB Travis Carter 0-0: Called Strike
0-1: Ball
1-1: Fielders Choice at 2nd, 5-4 (Groundball, 56, EV 102.5 MPH)
Top of the 3rd over - 0 runs, 1 hit, 0 errors, 1 left on base; Bowie 1 - Frisco 0
BOTTOM OF THE 3RD
Frisco RoughRiders batting - Pitching for Bowie Baysox : RHP Sam Wilson
Batting: RHB Zach Thomason 0-0: Ball
1-0: Called Strike
1-1: Ball
2-1: Called Strike
2-2: Ball
3-2: Base on Balls
Batting: RHB Joe Kemp 0-0: Ball
1-0: Foul Ball, location: 2F
1-1: Swinging Strike
1-2: Ball
2-2: Ball
3-2: Grounds into double play, 5-4-3 (Groundball, 5, EV 85.6 MPH)
Batting: SHB Johnny Stables 0-0: Ball
1-0: Called Strike
1-1: Ball
2-1: Ball
3-1: Base on Balls
Batting: LHB Davey Schonewille 0-0: Called Strike
0-1: Ball
Johnny Stables steals 2nd base
1-1: Ball
2-1: Called Strike
2-2: Ball
3-2: Ground out 1-3 (Groundball, 13S, EV 70.0 MPH)
Bottom of the 3rd over - 0 runs, 0 hits, 0 errors, 1 left on base; Bowie 1 - Frisco 0
TOP OF THE 4TH
Bowie Baysox batting - Pitching for Frisco RoughRiders : RHP Tim Martin
Batting: RHB Andy Chess 0-0: Fly out, F7 (Flyball, 7, EV 94.4 MPH)
Batting: LHB Raul Rojas 0-0: Ball
1-0: Foul Ball, location: 2F
1-1: Fly out, F4 (Line Drive, 4, EV 70.6 MPH)
Batting: RHB Andrew Korman 0-0: Ball
1-0: Ground out 6-3 (Groundball, 6S, EV 85.6 MPH)
Top of the 4th over - 0 runs, 0 hits, 0 errors, 0 left on base; Bowie 1 - Frisco 0
BOTTOM OF THE 4TH
Frisco RoughRiders batting - Pitching for Bowie Baysox : RHP Sam Wilson
Batting: LHB Ben Radach 0-0: Called Strike
0-1: Swinging Strike
0-2: Strikes out swinging, 2-3 out at first.
Batting: RHB Kurt Wagner 0-0: Ball
1-0: Called Strike
1-1: Ball
2-1: Foul Ball, location: 2F
2-2: Foul Ball, location: 2F
2-2: Foul Ball, location: 2F
2-2: Ball
3-2: Foul Ball, location: 2F
3-2: Foul Ball, location: 2F
3-2: Foul Ball, location: 2F
3-2: Base on Balls
Batting: RHB Chris Torlak 0-0: Called Strike
Kurt Wagner is caught stealing 2nd base 2-4
0-1: Ball
1-1: Ball
2-1: Ball
3-1: Fly out, F9 (Line Drive, 89M, EV 88.8 MPH)
Bottom of the 4th over - 0 runs, 0 hits, 0 errors, 0 left on base; Bowie 1 - Frisco 0
TOP OF THE 5TH
Bowie Baysox batting - Pitching for Frisco RoughRiders : RHP Tim Martin
Batting: LHB Andrew Erens 0-0: Called Strike
0-1: Foul Ball, location: 2F
0-2: Ball
1-2: SINGLE (Groundball, 25, EV 69.4 MPH) (infield hit)
Batting: LHB Wes Goscinski 0-0: Ball
1-0: Ball
2-0: Fly out, F2 (Popup, 2LF, EV 79.4 MPH)
Batting: LHB Matt Patnaude 0-0: Ball
1-0: Fly out, F8 (Line Drive, 8LM, EV 95.0 MPH)
Batting: RHB Edwin Ramos 0-0: Foul Ball, location: 2F
0-1: Ball
Wild Pitch!
Andrew Erens to second
1-1: Ball
2-1: SINGLE (Groundball, 6MS, EV 63.8 MPH) (infield hit)
Andrew Erens to third
Batting: RHB Tony Logan 0-0: SINGLE (Groundball, 6D, EV 108.1 MPH)
Andrew Erens scores
Edwin Ramos to second
Batting: RHB Travis Carter 0-0: Ball
1-0: Foul Ball, location: 2F
1-1: Ball
2-1: Ball
3-1: Called Strike
3-2: SINGLE (Groundball, 6MD, EV 104.4 MPH) (infield hit)
Edwin Ramos to third
Tony Logan to second
Batting: RHB Andy Chess 0-0: Swinging Strike
0-1: Called Strike
0-2: Fielders Choice at 2nd, 6-4 (Groundball, 6, EV 84.4 MPH)
Top of the 5th over - 1 run, 4 hits, 0 errors, 3 left on base; Bowie 2 - Frisco 0
BOTTOM OF THE 5TH
Frisco RoughRiders batting - Pitching for Bowie Baysox : RHP Sam Wilson
Pitching: RHP Brent Widder
Pinch Hitting: LHB Rich Butler 0-0: Ball
1-0: Called Strike
1-1: Swinging Strike
1-2: Ball
2-2: Foul Ball, location: 2F
2-2: Hit by Pitch
Batting: SHB Reagan Dudley 0-0: Ball
1-0: Swinging Strike
1-1: Called Strike
1-2: Ball
2-2: Foul Ball, location: 2F
2-2: SINGLE (Groundball, 6MS, EV 96.9 MPH)
Rich Butler to second
Runner from 2nd tries for 3rd, SAFE, throw by CF made to third
Batting: RHB Zach Thomason 0-0: Called Strike
0-1: Ball
1-1: Foul Ball, location: 2F
1-2: Ball
2-2: SINGLE (Line Drive, 8RS, EV 96.2 MPH)
Rich Butler scores
Reagan Dudley to second
Batting: RHB Joe Kemp 0-0: Foul Ball, location: 2F
0-1: Swinging Strike
0-2: Ball
1-2: Foul Ball, location: 2F
1-2: Strikes out looking
Batting: SHB Johnny Stables 0-0: Ball
1-0: Foul Ball, location: 2F
1-1: Swinging Strike
1-2: Strikes out swinging
Batting: LHB Davey Schonewille 0-0: Fly out, F4 (Popup, 34, EV 64.4 MPH)
Bottom of the 5th over - 1 run, 2 hits, 0 errors, 2 left on base; Bowie 2 - Frisco 1
TOP OF THE 6TH
Bowie Baysox batting - Pitching for Frisco RoughRiders : RHP Tim Martin
Now at 1B: Rich Butler
Batting: LHB Raul Rojas 0-0: Ball
1-0: Called Strike
1-1: Called Strike
1-2: Foul Ball, location: 2F
1-2: Foul Ball, location: 2F
1-2: SINGLE (Groundball, 34D, EV 98.1 MPH)
Batting: RHB Andrew Korman 0-0: Ball
1-0: Called Strike
1-1: Foul Ball, location: 2F
1-2: Ball
2-2: Fly out, F9 (Line Drive, 89D, EV 90.6 MPH)
Batting: LHB Andrew Erens 0-0: Ball
1-0: Ball
2-0: 2-RUN HOME RUN (Flyball, 9D, EV 100.6 MPH), Distance : 394 ft
Batting: LHB Wes Goscinski 0-0: Foul Ball, location: 2F
0-1: Ball
1-1: Called Strike
1-2: Strikes out swinging
Batting: LHB Matt Patnaude 0-0: Swinging Strike
0-1: Foul Ball, location: 2F
0-2: Foul Ball, location: 2F
0-2: Ground out 4-3 (Groundball, 4, EV 83.1 MPH)
Top of the 6th over - 2 runs, 2 hits, 0 errors, 0 left on base; Bowie 4 - Frisco 1
BOTTOM OF THE 6TH
Frisco RoughRiders batting - Pitching for Bowie Baysox : RHP Brent Widder
Batting: LHB Ben Radach 0-0: Ball
1-0: Foul Ball, location: 2F
1-1: Called Strike
1-2: SINGLE (Line Drive, 56, EV 104.4 MPH)
Batting: RHB Kurt Wagner 0-0: Ball
1-0: Foul Ball, location: 2F
1-1: Ball
2-1: Swinging Strike
2-2: Ball
3-2: Base on Balls
Ben Radach to second
Batting: RHB Chris Torlak 0-0: Ball
1-0: Called Strike
1-1: Foul Ball, location: 2F
1-2: Ball
2-2: Ball
3-2: Base on Balls
Ben Radach to third
Kurt Wagner to second
Batting: LHB Rich Butler 0-0: Ball
1-0: Ball
2-0: Foul Ball, location: 2F
2-1: Ball
3-1: Fly out, F7 (Flyball, 7LSF, EV 94.4 MPH)
Pitching: RHP Mike Hurst
Batting: SHB Reagan Dudley 0-0: Fly out, F9 (Flyball, 89S, EV 93.8 MPH)
Batting: RHB Zach Thomason 0-0: Ball
1-0: Foul Ball, location: 2F
1-1: Ball
2-1: Called Strike
2-2: Foul Ball, location: 2F
2-2: Fielders Choice at 2nd, 5-4 (Groundball, 56, EV 104.4 MPH)
Bottom of the 6th over - 0 runs, 1 hit, 0 errors, 3 left on base; Bowie 4 - Frisco 1
TOP OF THE 7TH
Bowie Baysox batting - Pitching for Frisco RoughRiders : RHP Tim Martin
Pitching: RHP Tony Castellanos
Batting: RHB Edwin Ramos 0-0: Called Strike
0-1: Foul Ball, location: 2F
0-2: Strikes out swinging
Batting: RHB Tony Logan 0-0: Ball
1-0: Ball
2-0: Called Strike
2-1: DOUBLE (Groundball, 5L, EV 99.4 MPH)
Batting: RHB Travis Carter 0-0: Ball
1-0: Foul Ball, location: 2F
1-1: Foul Ball, location: 2F
1-2: Ball
2-2: Fly out, F8 (Flyball, 8RS, EV 85.6 MPH)
Batting: RHB Andy Chess 0-0: Ball
1-0: Ball
2-0: Ball
3-0: Called Strike
3-1: Ground out 5-3 (Groundball, 56, EV 90.0 MPH)
Top of the 7th over - 0 runs, 1 hit, 0 errors, 1 left on base; Bowie 4 - Frisco 1
BOTTOM OF THE 7TH
Frisco RoughRiders batting - Pitching for Bowie Baysox : RHP Mike Hurst
Batting: RHB Joe Kemp 0-0: Foul Ball, location: 2F
0-1: Ball
1-1: Ball
2-1: Called Strike
2-2: Ball
3-2: Strikes out swinging
Batting: SHB Johnny Stables 0-0: Ball
1-0: Called Strike
1-1: Ball
2-1: Foul Ball, location: 2F
2-2: Ball
3-2: Foul Ball, location: 2F
3-2: SOLO HOME RUN (Flyball, 89XD, EV 113.8 MPH), Distance : 460 ft
Batting: LHB Davey Schonewille 0-0: Ball
1-0: Ball
2-0: Ball
3-0: Called Strike
3-1: Base on Balls
Batting: LHB Ben Radach 0-0: Ball
Davey Schonewille steals 2nd, throwing error, E2
Davey Schonewille to third
1-0: Swinging Strike
1-1: Ball
2-1: Swinging Strike
2-2: Foul Ball, location: 2F
2-2: Strikes out swinging
Pinch Hitting: LHB Alfonso Collazo 0-0: Ball
1-0: Called Strike
1-1: Foul Ball, location: 2F
1-2: Ball
2-2: Strikes out looking
Bottom of the 7th over - 1 run, 1 hit, 1 error, 1 left on base; Bowie 4 - Frisco 2
TOP OF THE 8TH
Bowie Baysox batting - Pitching for Frisco RoughRiders : RHP Tony Castellanos
Pitching: LHP Harry Tuckfard
Now in LF: Alfonso Collazo
Pinch Hitting: RHB Willie Manrique 0-0: Ball
1-0: Ball
2-0: Called Strike
2-1: Ground out U3 (Groundball, 3S, EV 71.9 MPH)
Batting: RHB Andrew Korman 0-0: Called Strike
0-1: Ball
1-1: SINGLE (Groundball, 4D, EV 98.8 MPH)
Batting: LHB Andrew Erens 0-0: Ball
1-0: Called Strike
1-1: Called Strike
1-2: Fly out, F6 (Flyball, 56D, EV 95.0 MPH)
Batting: LHB Wes Goscinski 0-0: Swinging Strike
0-1: Ball
1-1: Foul Ball, location: 2F
1-2: Foul Ball, location: 2F
1-2: Reached on error, E6 (Groundball, 6, EV 81.9 MPH)
Andrew Korman to second
Batting: LHB Matt Patnaude 0-0: Ball
1-0: Ground out 3-1 (Groundball, 34, EV 90.6 MPH)
Top of the 8th over - 0 runs, 1 hit, 1 error, 2 left on base; Bowie 4 - Frisco 2
BOTTOM OF THE 8TH
Frisco RoughRiders batting - Pitching for Bowie Baysox : RHP Mike Hurst
Pitching: RHP Corey Rizzuto
Now at 1B: Edwin Ramos
Now in LF: Ben Antal
Batting: RHB Chris Torlak 0-0: Ball
1-0: Foul Ball, location: 2F
1-1: Ground out 5-3 (Groundball, 56, EV 90.0 MPH)
Batting: LHB Rich Butler 0-0: Swinging Strike
0-1: Foul Ball, location: 2F
0-2: Ball
1-2: Fly out, F9 (Flyball, 9, EV 89.4 MPH)
Batting: SHB Reagan Dudley 0-0: Called Strike
0-1: Ground out 5-3 (Groundball, 56, EV 82.5 MPH)
Bottom of the 8th over - 0 runs, 0 hits, 0 errors, 0 left on base; Bowie 4 - Frisco 2
TOP OF THE 9TH
Bowie Baysox batting - Pitching for Frisco RoughRiders : LHP Harry Tuckfard
Batting: RHB Edwin Ramos 0-0: Ground out 4-3 (Groundball, 4M, EV 83.8 MPH)
Batting: RHB Tony Logan 0-0: Ball
1-0: Called Strike
1-1: SOLO HOME RUN (Flyball, 7LD, EV 96.2 MPH), Distance : 350 ft
Batting: RHB Travis Carter 0-0: Ground out 5-3 (Groundball, 56S, EV 82.5 MPH)
Batting: RHB Andy Chess 0-0: Ball
1-0: Ball
2-0: Foul Ball, location: 2F
2-1: Ball
3-1: Base on Balls
Batting: LHB Ben Antal 0-0: Fielders Choice at 2nd, U6 (Groundball, 4, EV 103.1 MPH)
Top of the 9th over - 1 run, 1 hit, 0 errors, 1 left on base; Bowie 5 - Frisco 2
BOTTOM OF THE 9TH
Frisco RoughRiders batting - Pitching for Bowie Baysox : RHP Corey Rizzuto
Pitching: RHP Craig Potter
Batting: RHB Zach Thomason 0-0: Ground out 5-3 (Groundball, 56S, EV 91.9 MPH)
Batting: RHB Joe Kemp 0-0: Ball
1-0: DOUBLE (Groundball, 5L, EV 105.0 MPH)
Batting: SHB Johnny Stables 0-0: Called Strike
0-1: Swinging Strike
0-2: Ball
1-2: Strikes out swinging
Batting: LHB Davey Schonewille 0-0: Ball
1-0: Ball
2-0: Called Strike
2-1: Ball
3-1: Base on Balls
Batting: LHB Ben Radach 0-0: Foul Ball, location: 2F
0-1: Foul Ball, location: 2F
0-2: Ball
1-2: Foul Ball, location: 2F
1-2: TRIPLE (Line Drive, 78XD, EV 100.6 MPH)
Joe Kemp scores
Davey Schonewille scores
Batting: LHB Alfonso Collazo 0-0: Foul Ball, location: 2F
0-1: Ball
1-1: Called Strike
1-2: Foul Ball, location: 2F
1-2: Ball
2-2: DOUBLE (Line Drive, 89D, EV 106.2 MPH)
Ben Radach scores
Pinch Hitting: LHB Manuel Arguello 0-0: Foul Ball, location: 2F
0-1: Ground out 6-3 (Groundball, 6, EV 99.4 MPH)
Bottom of the 9th over - 3 runs, 3 hits, 0 errors, 1 left on base; Bowie 5 - Frisco 5
TOP OF THE 10TH
Bowie Baysox batting - Pitching for Frisco RoughRiders : LHP Harry Tuckfard
Pitching: RHP Larry Bower
Now at 3B: Zach Thomason
Now at SS: Gavin Fimple
Pinch Hitting: LHB Pat Shaddock 0-0: Ball
1-0: Ball
2-0: Called Strike
2-1: Called Strike
2-2: SINGLE (Groundball, 34D, EV 97.5 MPH)
Batting: LHB Andrew Erens 0-0: Ball
1-0: Bunted foul
1-1: Bunt missed!
1-2: Ball
2-2: Hit by Pitch
Pat Shaddock to second
Batting: LHB Wes Goscinski 0-0: SINGLE (Groundball, 4MD, EV 104.4 MPH)
Pat Shaddock to third
Andrew Erens to second
Batting: LHB Matt Patnaude 0-0: Ball
1-0: Swinging Strike
1-1: Ball
2-1: Ball
3-1: Foul Ball, location: 2F
3-2: Grounds into double play, 4-2-3 (Groundball, 4S, EV 73.1 MPH)
Andrew Erens to third
Wes Goscinski to second
Batting: RHB Edwin Ramos 0-0: Ball
1-0: Ground out 6-3 (Groundball, 6, EV 86.2 MPH)
Top of the 10th over - 0 runs, 2 hits, 0 errors, 2 left on base; Bowie 5 - Frisco 5
BOTTOM OF THE 10TH
Frisco RoughRiders batting - Pitching for Bowie Baysox : RHP Craig Potter
Pitching: LHP Kyohei Koyama
Now at C: Hugo Moreno
Pinch Hitting: RHB Andrew Clarke 0-0: Foul Ball, location: 2F
0-1: Foul Ball, location: 2F
0-2: Ball
1-2: Ball
2-2: Ground out 4-3 (Groundball, 4, EV 105.0 MPH)
Batting: SHB Reagan Dudley 0-0: Fly out, F9 (Flyball, 89S, EV 86.2 MPH)
Batting: RHB Zach Thomason 0-0: Foul Ball, location: 2F
0-1: Ball
1-1: Ball
2-1: Foul Ball, location: 2F
2-2: Foul Ball, location: 2F
2-2: Foul Ball, location: 2F
2-2: Strikes out looking
Bottom of the 10th over - 0 runs, 0 hits, 0 errors, 0 left on base; Bowie 5 - Frisco 5
TOP OF THE 11TH
Bowie Baysox batting - Pitching for Frisco RoughRiders : RHP Larry Bower
Now at 1B: Gavin Fimple
Now at SS: Aaron Graham
Batting: RHB Tony Logan 0-0: Ball
1-0: SINGLE (Groundball, 6D, EV 94.4 MPH)
Batting: RHB Travis Carter 0-0: Bunt missed!
0-1: Bunt missed!
0-2: Ball
1-2: Strikes out swinging
Pitching: RHP Kurt Vitta
Batting: RHB Andy Chess 0-0: SINGLE (Groundball, 6MD, EV 100.0 MPH)
Tony Logan to second
Batting: LHB Ben Antal 0-0: Ground out 4-3 (Groundball, 34D, EV 102.5 MPH)
Tony Logan to third
Andy Chess to second
Pinch Hitting: RHB Danny Merrill 0-0: Called Strike
0-1: Ball
1-1: Called Strike
1-2: Ball
2-2: Fly out, F9 (Flyball, 9, EV 77.5 MPH)
Top of the 11th over - 0 runs, 2 hits, 0 errors, 2 left on base; Bowie 5 - Frisco 5
BOTTOM OF THE 11TH
Frisco RoughRiders batting - Pitching for Bowie Baysox : LHP Kyohei Koyama
Now at C: Angel Lescano
Batting: RHB Joe Kemp 0-0: Foul Ball, location: 2F
0-1: Ball
1-1: Swinging Strike
1-2: Ball
2-2: Foul Ball, location: 2F
2-2: Fly out, F8 (Flyball, 78M, EV 78.8 MPH)
Batting: SHB Johnny Stables 0-0: Ball
1-0: Ball
2-0: Foul Ball, location: 2F
2-1: Swinging Strike
2-2: Strikes out swinging
Pinch Hitting: RHB Brandon Davis 0-0: Ball
1-0: Ball
2-0: Called Strike
2-1: Called Strike
2-2: Ball
3-2: Base on Balls
Pitching: LHP John Schipper
Batting: RHB Adryão Anto 0-0: Ball
Brandon Davis is caught stealing 2nd base 2-4
Bottom of the 11th over - 0 runs, 0 hits, 0 errors, 0 left on base; Bowie 5 - Frisco 5
TOP OF THE 12TH
Bowie Baysox batting - Pitching for Frisco RoughRiders : RHP Kurt Vitta
Pitching: LHP Angel Contreras
Now in CF: Brandon Davis
Now in RF: Joe Kemp
Pinch Hitting: RHB Ryan Taylor 0-0: Ball
1-0: Called Strike
1-1: Ball
2-1: Ball
3-1: Foul Ball, location: 2F
3-2: Base on Balls
Batting: RHB Justin Usner 0-0: Ball
1-0: Foul Ball, location: 2F
1-1: Foul Ball, location: 2F
1-2: Ball
2-2: Foul Ball, location: 2F
2-2: Foul Ball, location: 2F
2-2: Grounds into double play, 3-6-3 (Groundball, 3, EV 100.0 MPH)
Batting: LHB Matt Patnaude 0-0: Called Strike
0-1: Called Strike
0-2: Ball
1-2: Ground out U3 (Groundball, 3L, EV 76.2 MPH)
Top of the 12th over - 0 runs, 0 hits, 0 errors, 0 left on base; Bowie 5 - Frisco 5
BOTTOM OF THE 12TH
Frisco RoughRiders batting - Pitching for Bowie Baysox : LHP John Schipper
Now in CF: Ryan Taylor
Batting: RHB Adryão Anto 0-0: Reached on error, E6 (Groundball, 6, EV 86.2 MPH)
Batting: LHB Alfonso Collazo 0-0: Foul Ball, location: 2F
0-1: Ball
1-1: Swinging Strike
1-2: Strikes out swinging
Batting: RHB Gavin Fimple 0-0: Ball
1-0: Swinging Strike
1-1: Ball
2-1: Foul Ball, location: 2F
2-2: Ball
3-2: Foul Ball, location: 2F
3-2: Base on Balls
Batting: RHB Aaron Graham 0-0: Ball
1-0: Ground out 5-3 (Groundball, 56, EV 88.1 MPH)
Adryão Anto to third
Gavin Fimple to second
Batting: SHB Reagan Dudley 0-0: Called Strike
0-1: Ball
1-1: Swinging Strike
1-2: Strikes out swinging
Bottom of the 12th over - 0 runs, 0 hits, 1 error, 2 left on base; Bowie 5 - Frisco 5
TOP OF THE 13TH
Bowie Baysox batting - Pitching for Frisco RoughRiders : LHP Angel Contreras
DELAY Rain delay of 33 minutes in the 13th inning.
Batting: RHB Edwin Ramos 0-0: Ball
1-0: Foul Ball, location: 2F
1-1: Swinging Strike
1-2: Strikes out swinging, 2-3 out at first.
Batting: RHB Tony Logan 0-0: Ball
1-0: Called Strike
1-1: SINGLE (Flyball, 7LS, EV 85.0 MPH)
Batting: RHB Travis Carter 0-0: Ball
1-0: Ball
2-0: Ball
Wild Pitch!
Tony Logan to second
3-0: Called Strike
3-1: Base on Balls
Batting: RHB Andy Chess 0-0: Ball
1-0: Grounds into double play, U4-3 (Groundball, 6MD, EV 102.5 MPH)
Top of the 13th over - 0 runs, 1 hit, 0 errors, 1 left on base; Bowie 5 - Frisco 5
BOTTOM OF THE 13TH
Frisco RoughRiders batting - Pitching for Bowie Baysox : LHP John Schipper
Batting: RHB Zach Thomason 0-0: Called Strike
0-1: SINGLE (Groundball, 5D, EV 107.5 MPH)
Batting: RHB Joe Kemp 0-0: Bunted foul
0-1: Ball
1-1: Sac Bunt to 23 - play at first, batter OUT! 3-4
Zach Thomason to second
Batting: SHB Johnny Stables 0-0: Ball
1-0: Ground out 5-3 (Groundball, 15, EV 86.2 MPH)
Batting: RHB Brandon Davis 0-0: Ball
1-0: Ball
2-0: Ball
3-0: Called Strike
3-1: Base on Balls
Pitching: RHP Wil Martinez
Batting: RHB Adryão Anto 0-0: Ball
1-0: SINGLE (Line Drive, 4MD, EV 96.2 MPH)
Zach Thomason to third
Brandon Davis to second
Batting: LHB Alfonso Collazo 0-0: Ball
1-0: Foul Ball, location: 2F
1-1: Called Strike
1-2: Ball
2-2: Ball
3-2: SINGLE (Groundball, 5L, EV 114.4 MPH)
Zach Thomason scores
Bottom of the 13th over - 1 run, 3 hits, 0 errors, 2 left on base; Bowie 5 - Frisco 6
Tuesday, September 13th , 2022 - OOTP Baseball 23.7 Build 88